 Dungeon Crawl Stone Soup version 0.24.0-13-gcf9b319 (webtiles) character file.

Game seed: 5454523057535139856, levelgen mode: deterministic

1235 AlyssaTheNerd the Ducker (level 8, -7/63 HPs)
             Began as a Merfolk Berserker on Dec 17, 2019.
             Was a Priest of Trog.
             Killed by divine providence
             ... invoked by an orc priest
              (11 damage)
             ... on level 6 of the Dungeon.
             The game lasted 00:10:53 (5312 turns).

AlyssaTheNerd the Ducker (Merfolk Berserker)        Turns: 5312, Time: 00:10:53

Health: -7/63      AC: 16    Str: 20    XL:     8   Next: 49%
Magic:  0/8        EV: 19    Int:  6    God:    Trog [***...]
Gold:   305        SH:  0    Dex: 13    Spells: 7/7 levels left

rFire    . . .     SeeInvis .   p - +0 broad axe
rCold    . . .     Gourm    .   (no shield)
rNeg     . . .     Faith    .   f - +0 chain mail
rPois    +         Spirit   +   (no helmet)
rElec    .         Reflect  .   B - +2 cloak {rPois}
rCorr    .         Harm     .   o - +0 pair of gloves
MR       .....                  g - +2 pair of boots
Stlth    ..........             j - amulet of guardian spirit
HPRegen  0.20/turn              e - +3 ring of evasion
MPRegen  0.11/turn              i - +5 ring of evasion

@: no status effects
A: change form in water, swift swim, stealthy swim
a: Berserk, Trog's Hand, Renounce Religion


You were on level 6 of the Dungeon.
You worshipped Trog.
Trog was most pleased with you.
You were hungry.

You visited 1 branch of the dungeon, and saw 6 of its levels.

You collected 305 gold pieces.

Inventory:

Hand Weapons
 a - a +0 spear
 p - a +0 broad axe (weapon)
Armour
 b - a +0 animal skin
 f - a +0 chain mail (worn)
 g - a +2 pair of boots (worn)
 k - a +0 leather armour
 o - a +0 pair of gloves (worn)
 B - a +2 cloak of poison resistance (worn)
Jewellery
 e - a +3 ring of evasion (left hand)
 i - a +5 ring of evasion (right hand)
 j - an amulet of guardian spirit (around neck)
 D - an uncursed ring of resist corrosion {unknown}
Wands
 w - a wand of paralysis (9)
 y - a wand of iceblast (15)
 A - a wand of digging (5)
Scrolls
 d - 6 scrolls of remove curse
 h - 3 scrolls of amnesia
 l - 2 scrolls of fog
 n - a scroll of enchant armour {unknown}
 t - 4 scrolls of identify
 u - a scroll of fear
 z - a scroll of noise {unknown}
Potions
 m - a potion of heal wounds {unknown}
 q - 3 potions of mutation {unknown}
 r - a potion of resistance {unknown}
 s - a potion of cancellation {unknown}
 v - 2 potions of might {unknown}
 x - a potion of ambrosia {unknown}
 C - a potion of agility
 E - a potion of lignification {unknown}
Comestibles
 c - 9 rations


   Skills:
 + Level 5.5 Fighting
 + Level 7.2 Polearms
 + Level 3.2 Armour
 * Level 7.9 Dodging
 + Level 4.6 Stealth


You had 7 spell levels left.
You didn't know any spells.
Your spell library was empty.

Dungeon Overview and Level Annotations

Branches:
Dungeon (6/15)             Temple (0/1) D:5

Altars:
Ashenzari
Cheibriados
Fedhas
Gozag
Makhleb
Nemelex Xobeh
Ru
Trog
Vehumet
Yredelemnul

Annotations:
D:2 1 runed translucent door


Message History

The orc priest looks encouraged for a moment.
The gnoll closely misses you.
You hit the orc priest but do no damage.
The orc priest closely misses you. The gnoll misses you.
You hit the orc priest.
The orc priest is moderately wounded.
The orc priest closely misses you. The gnoll closely misses you.
You closely miss the orc priest.
The orc priest is moderately wounded.
The orc priest barely misses you. The gnoll misses you.
The orc priest begins to cast a cantrip, but forgets the words!
You closely miss the orc priest.
The orc priest is moderately wounded.
The gnoll misses you. The orc priest completely misses you.
The gnoll misses you.
You slash the orc priest!
The orc priest is almost dead.
The orc priest invokes the aid of Beogh against you.
Beogh smites you!
You die...

......# #.#...# ...
#.#...# .... ...
#.#...# ... .? #.#...#
.. oo ..#...# #.# a#
###...# #.. .#
#.....#######.####)##.#
................@og...#
#.....########.###.####
#............#.# .#
#............#.###..
#####............#.##
#......#.....#.#
#......#.....#..
#......#.....#..
#......####.##


You could see an orc priest and a gnoll.

Vanquished Creatures
  An orc warrior (D:6)
  An ogre (D:3)
  2 centaurs
  A bullfrog (D:5)
  A gnoll sergeant (D:5)
  3 scorpions (D:5)
  A howler monkey (D:5)
  A crimson imp (D:6)
  A hound (D:4)
  A bullfrog zombie (D:5)
  A jelly (D:5)
  An orc priest (D:6)
  2 bullfrog skeletons (D:5)
  An orc wizard (D:6)
  An iguana (D:5)
  A worker ant (D:6)
  2 hound skeletons
  7 gnolls
  10 adders
  A shadow imp (D:5)
  An ooze (D:3)
  A worm (D:4)
  2 dart slugs
  4 leopard geckos
  9 orcs
  2 ball pythons
  8 bats
  5 giant cockroaches
  5 goblins
  9 hobgoblins
  8 jackals (D:4)
  5 quokkas
  6 frilled lizards
  A giant cockroach zombie (D:5)
  A jackal skeleton (D:5)
  A jackal zombie (D:5)
  4 kobolds
  2 rats
114 creatures vanquished.

Notes
Turn   | Place    | Note
-------+----------+-------------------------------------------
     0 | D:1      | AlyssaTheNerd the Merfolk Berserker began the quest for the
                  | Orb.
     0 | D:1      | Reached XP level 1. HP: 18/18 MP: 1/1
   186 | D:1      | Reached XP level 2. HP: 24/24 MP: 2/2
   542 | D:1      | Reached skill level 1 in Stealth
   659 | D:2      | Noticed a human
   661 | D:2      | Found a runed translucent door.
   681 | D:2      | Found a basalt altar of Yredelemnul.
   721 | D:2      | Reached XP level 3. HP: 22/29 MP: 3/3
   786 | D:2      | HP: 1/29 [poisoned by an adder]
  1101 | D:2      | Found a sparkling altar of Nemelex Xobeh.
  1434 | D:2      | Reached XP level 4. HP: 27/37 MP: 4/4
  1587 | D:2      | Reached skill level 5 in Polearms
  2187 | D:3      | Reached ** piety under Trog
  2230 | D:3      | Reached XP level 5. HP: 42/42 MP: 5/5
  2272 | D:3      | Found a radiant altar of Vehumet.
  2423 | D:3      | Noticed an ogre
  2434 | D:3      | Killed an ogre
  2434 | D:3      | Reached skill level 5 in Dodging
  2457 | D:3      | Reached XP level 6. HP: 41/48 MP: 6/6
  2930 | D:4      | Found a bloodstained altar of Trog.
  3250 | D:4      | Found a blossoming altar of Fedhas.
  3468 | D:4      | Found a snail-covered altar of Cheibriados.
  3539 | D:5      | Entered Level 5 of the Dungeon
  3581 | D:5      | Found a burning altar of Makhleb.
  3591 | D:5      | Reached XP level 7. HP: 33/55 MP: 3/7
  3778 | D:5      | Found an opulent altar of Gozag.
  3821 | D:5      | Found a shattered altar of Ashenzari.
  3878 | D:5      | Reached *** piety under Trog
  4233 | D:5      | Reached skill level 5 in Fighting
  4501 | D:5      | Reached XP level 8. HP: 22/62 MP: 4/8
  4722 | D:5      | Found a staircase to the Ecumenical Temple.
  5190 | D:6      | Found a sacrificial altar of Ru.
  5307 | D:6      | HP: 2/63 [orc priest/nerve-wracking pain (7)]
  5312 | D:6      | Killed from afar by an orc priest

Levels and vault maps discovered:
D:1:      mrwooster_arrival_statue_2, layout_loops_ring, minmay_small_reverse_x
D:2:      layout_rooms, nemelex_altar_shiori, solitary_fountain,
          dk_yredelemnul_ordeal
D:3:      minmay_chambers_of_twos, layout_loops_ring, vehumet_crystals
D:4:      layout_basic, fedhas_bush_and_centaur_altar, kennysheep_mini_moat,
          palyth_stone_intersect, hangedman_abyss_or_decor_lesser_grid,
          trog_three_pillars_becter
D:5:      layout_gridville, nicolae_ashenzari_panopticon,
          minmay_temple_entry_poolview, first_ration, serial_park_tiny_2,
          st_stairs_7, hangedman_feature_mirror
D:6:      layout_basic, nicolae_ru_sacrificial_ziggurat

Skill      XL: |  1  2  3  4  5  6  7  8 |
---------------+-------------------------+-----
Dodging        | 3 4 5 7 |  7.9
Stealth        | 1 2 3 4 |  4.6
Polearms       | 5 6 7 |  7.2
Armour         | 2 3 |  3.2
Fighting       | 4 5 |  5.5

Action                   |  1- 3 |  4- 6 |  7- 9 || total
-------------------------+-------+-------+-------++-------
Melee: Spear             |   135 |       |       ||   135
       Broad axe         |       |   253 |   199 ||   452
  Use: Scroll            |     1 |     9 |       ||    10
       Potion            |     2 |       |       ||     2
  Eat: Ration            |     1 |       |     1 ||     2
       Chunk             |       |     6 |     2 ||     8
Armor: Animal skin       |     6 |       |       ||     6
       Leather armour    |    11 |       |       ||    11
       Chain mail        |    25 |   138 |    76 ||   239
Dodge: Dodged            |    57 |   349 |   323 ||   729
